 Dungeon Crawl Stone Soup version 0.27.1-34-g3ba077fa99 (webtiles) character file.

Game seed: 10303125195349987939

35 pkoi the Insei (level 3, -4/31 HPs)
             Began as a Draconian Monk on Jan 11, 2022.
             Slain by Natasha (6 damage)
             ... on level 2 of the Dungeon.
             The game lasted 00:01:20 (1570 turns).

pkoi the Insei (Draconian Monk)                     Turns: 1570, Time: 00:01:21

Health: -4/31      AC:  5    Str: 13    XL:     3   Next: 16%
Magic:  3/3        EV: 12    Int: 11    God:
Gold:   32         SH:  0    Dex: 13    Spells: 2/2 levels left

rFire    . . .     SeeInvis .     - Unarmed
rCold    . . .     Faith    .   (no shield)
rNeg     + . .     Spirit   .   (armour unavailable)
rPois    .         Reflect  .   (helmet restricted)
rElec    .         Harm     .   (no cloak)
rCorr    .         Rampage  .   (no gloves)
Will     .....                  (no boots)
Stlth    ++........             (no amulet)
HPRegen  0.10/turn              h - ring of positive energy
MPRegen  0.08/turn              (no ring)

@: hasted and slowed
A: AC +5, unfitting armour, cold-blooded
a: no special abilities


You were on level 2 of the Dungeon.
You visited 1 branch of the dungeon, and saw 2 of its levels.

You collected 32 gold pieces.

Inventory:

Jewellery
 h - a ring of positive energy (left hand)
Scrolls
 a - a scroll of enchant armour {unknown}
 e - a scroll of noise {unknown}
 f - 2 scrolls of identify {unknown}
 g - a scroll of brand weapon {unknown}
 j - a scroll of fog {unknown}
Potions
 b - a potion of magic
 d - a potion of degeneration {unknown}
 i - a potion of curing {unknown}
 k - a potion of attraction {unknown}


   Skills:
 - Level 3.2 Fighting
 - Level 2.6 Dodging
 - Level 1.7 Stealth
 + Level 4.3 Unarmed Combat


You had 2 spell levels left.
You didn't know any spells.
Your spell library was empty.

Dungeon Overview and Level Annotations

Branches:
Dungeon (2/15)

Altars:

Annotations:
D:2 Natasha


Innate Abilities, Weirdness & Mutations

Your plain brown scales are hard. (AC +5)
You cannot fit into any form of body armour.
You are cold-blooded and may be slowed by cold attacks.


Message History

Found 2 gold pieces.
You now have 32 gold pieces (gained 2).
Natasha, Servant of Life and Death comes into view.
Natasha hisses angrily.
Natasha casts a spell at you. The magic dart hits you.
Natasha is nearby!
Natasha stares at you and mumbles some strange words.
The magic dart hits you.
You hit Natasha but do no damage. Natasha claws you but does no damage.
You barely miss Natasha. Natasha claws you.
You hit Natasha but do no damage. You closely miss Natasha.
Natasha closely misses you.
You closely miss Natasha. Natasha claws you.
You closely miss Natasha. Natasha casts a spell at you.
The magic dart hits you!
* * * LOW HITPOINT WARNING * * *
You barely miss Natasha.
Your tail-slap misses Natasha.
Natasha claws you.
* * * LOW HITPOINT WARNING * * *
You hit Natasha.
Natasha is moderately wounded.
Natasha casts a spell at you.
You feel yourself slow down.
You hit Natasha.
Natasha is heavily wounded.
Natasha misses you.
It was a potion of magic.
Magic courses through your body. Natasha closely misses you.
Natasha barely misses you.
It was a potion of haste.
You feel yourself speed up. Natasha claws you.
* * * LOW HITPOINT WARNING * * *
You hit Natasha but do no damage.
You tail-slap Natasha, but do no damage.
Natasha is heavily wounded.
Natasha claws you.
* * * LOW HITPOINT WARNING * * *
You closely miss Natasha.
Your tail-slap misses Natasha.
Natasha is heavily wounded.
Natasha claws you.
You die...

#.#.# #..# #
#.#.#
#..####
#.#.#
#......
#.#.#
#.#####
#...#
#.#####
#..##
#......
#####..#
#######
#......# #
#@####.# #
#h# #.### #
#.# #...# #
#.# ###.# #
#.# #.# #
#.. #.# #
#.# #.# #
.##
##.#########
#...........


You could see Natasha.

Vanquished Creatures
  2 worms (D:2)
  6 ball pythons
  4 giant cockroaches (D:1)
  2 hobgoblins (D:1)
  2 jackals (D:1)
  A kobold (D:1)
  A bat (D:2)
  3 frilled lizards
  3 goblins
  3 rats
27 creatures vanquished.

Notes
Turn   | Place    | Note
-------+----------+-------------------------------------------
     0 | D:1      | pkoi the Draconian Monk began the quest for the Orb.
     0 | D:1      | Reached XP level 1. HP: 19/19 MP: 1/1
   231 | D:1      | Reached XP level 2. HP: 25/26 MP: 2/2
   515 | D:1      | Reached skill level 4 in Unarmed Combat
  1132 | D:2      | Reached XP level 3. HP: 31/31 MP: 3/3
  1556 | D:2      | Noticed Natasha
  1570 | D:2      | Slain by Natasha

Illustrated notes

Levels and vault maps discovered:
D:1:      kennysheep_arrival_seaside, layout_rooms, minmay_pentomino_u4
D:2:      layout_loops_ring, basic_ecumenical_altar, uniq_natasha

Skill      XL: |  1  2 |
---------------+-------+-----
Unarmed Combat | 4 |  4.3
Fighting       | |  3.2
Dodging        | |  2.6
Stealth        | |  1.7

Action                   || total
-------------------------++-------
Melee: Unarmed           ||   103
       Tailslap          ||    15
  Use: Potion            ||     2
 Stab: Sleeping          ||     5
Armor: Skin              ||    17
Dodge: Dodged            ||    51
